 Dungeon Crawl Stone Soup version 0.23-a0-307-gc3b755d (webtiles) character file.

1825 iamserjio the Martial Artist (level 9, 4/54 HPs)
             Began as a Tengu Air Elementalist on Oct 10, 2018.
             Was a Follower of Cheibriados.
             Quit the game on level 8 of the Dungeon.
             The game lasted 00:30:07 (3641 turns).

iamserjio the Martial Artist (TeAE)                 Turns: 3641, Time: 00:30:08

Health: 4/54       AC:  8    Str: 11    XL:     9   Next: 11%
Magic:  15/15      EV: 12    Int: 20    God:    Cheibriados [*.....]
Gold:   304        SH:  0    Dex: 17    Spells: 7/14 levels left

rFire    . . .     SeeInvis .     - Unarmed
rCold    . . .     Gourm    .   (no shield)
rNeg     . . .     Faith    .   j - +0 leather armour
rPois    .         Spirit   .   (helmet restricted)
rElec    .         Reflect  .   (no cloak)
rCorr    .         Harm     .   (no gloves)
MR       .....                  (boots unavailable)
Stlth    ++........             e - amulet of regeneration
HPRegen  0.58/turn              q - +5 ring of protection
MPRegen  0.14/turn              (no ring)

@: drained, very slow
A: beak, talons 3, able to fly 1
a: Fly, Bend Time, Renounce Religion


You were on level 8 of the Dungeon.
You worshipped Cheibriados.
Cheibriados was aware of your devotion.
You were not hungry.

You visited 2 branches of the dungeon, and saw 9 of its levels.
You also visited: Sewer.

You collected 304 gold pieces.

Inventory:

Hand Weapons
 a - a +0 whip of distortion
Missiles
 d - 63 arrows
 l - 7 tomahawks of returning (quivered)
Armour
 j - a +0 leather armour (worn)
 p - a +0 scale mail
Magical Staves
 i - an uncursed staff of summoning
Jewellery
 e - an amulet of regeneration (around neck)
 q - a +5 ring of protection (left hand)
Wands
 h - a wand of flame (22)
Scrolls
 f - a scroll of immolation {unknown}
 k - a scroll of teleportation
 n - a scroll of fog
 o - 3 scrolls of enchant armour
 t - a scroll of blinking {unknown}
Potions
 b - a potion of lignification
 m - a potion of cancellation
 r - a potion of brilliance
Comestibles
 c - 9 rations
 g - 2 chunks of flesh


   Skills:
 + Level 5.5(5.4) Fighting
 - Level 2.1 Dodging
 - Level 2.0(1.9) Stealth
 * Level 8.8(8.7) Unarmed Combat
 + Level 3.3 Spellcasting
 - Level 2.0(1.9) Conjurations
 - Level 1.0(0.9) Necromancy
 - Level 7.1(7.0) Air Magic


You had 7 spell levels left.
You knew the following spells:

 Your Spells              Type           Power        Failure   Level  Hunger
a - Shock                 Conj/Air       ###.         3%          1    None
b - Airstrike             Air            ####......   10%         4    ####...
c - Animate Skeleton      Necr           N/A          12%         1    None
d - Confusing Touch       Hex            #.....       19%         1    None

Your spell library contained the following spells:

 Spells                   Type           Power        Failure   Level  Hunger
 Swiftness                Chrm/Air       ###.....     6%          2    ##.....
 Static Discharge         Conj/Air       ###.....     9%          3    ###....
 Apportation              Tloc           #.....       19%         1    None
 Summon Small Mammal      Summ           #...         19%         1    None
 Lightning Bolt           Conj/Air       ###.......   63%         5    ######.


Dungeon Overview and Level Annotations

Branches:
Dungeon (8/15)             Temple (1/1) D:6            Lair (0/6) D:8

Altars:
Ashenzari
Cheibriados
Dithmenos
Elyvilon
Fedhas
Gozag
Hepliaklqana
Kikubaaqudgha
Makhleb
Okawaru
Qazlal
Ru
Sif Muna
Trog
Uskayaw
Vehumet
Wu Jian
Xom
Yredelemnul
Zin
The Shining One

Annotations:
D:2 Terence
D:7 Dowan, Harold


Innate Abilities, Weirdness & Mutations

You have a beak for a mouth.
You have claws for feet.
You can fly.


Message History

The helpless steam dragon fails to defend itself.
You hit the steam dragon. The steam dragon breathes steam at you.
The ball of steam hits you!
* * * LOW HITPOINT WARNING * * *
You hear a shout! x2; You hear two shouts!
You hear a shout! x4
You barely miss the steam dragon.
You claw the steam dragon, but do no damage.
You are engulfed in a cloud of scalding steam.
* * * LOW HITPOINT WARNING * * *
The steam dragon bites you.
* * * LOW HITPOINT WARNING * * *
The steam dragon misses you.
Okay, then.
It was a potion of magic.
Magic courses through your body.
You are engulfed in a cloud of scalding steam.
* * * LOW HITPOINT WARNING * * *
The steam dragon bites you but does no damage.
The steam dragon claws you.
* * * LOW HITPOINT WARNING

* * * ########
#......# #
#......# #.
#......#
#.####......#
#...D##....##
#..§@##....#
#[..§§....÷##
#>.§§.§......#
#...§##......#
#..§§##%.....#
#.#+###.....<#
#. #.>#+### #.
#.#. #.#.Z


You could see a steam dragon.

Vanquished Creatures
  Menkaure (D:7)
  2 ice beasts
  3 ogres
  A phantom (D:6)
  2 centaurs
  A crocodile (Sewer)
  2 bullfrogs
  A scorpion (D:8)
  A howler monkey (D:6)
  3 crimson imps
  A jelly (D:7)
  An orc priest (D:4)
  2 hounds
  3 orc wizards
  A centaur skeleton (D:7)
  Natasha (D:4)
  2 iguanas
  3 worker ants
  5 adders
  5 gnolls
  A shadow imp (D:7)
  4 oozes
  An adder zombie (D:6)
  11 dart slugs
  8 leopard geckos
  12 orcs
  9 giant cockroaches
  7 hobgoblins
  12 jackals
  12 kobolds
  3 quokkas
  A ball python skeleton (D:5)
  7 bats
  4 frilled lizards
  9 goblins
  A leopard gecko skeleton (D:4)
  A quokka zombie (D:7)
  8 rats
152 creatures vanquished.

Notes
Turn   | Place    | Note
-------+----------+-------------------------------------------
     0 | D:1      | iamserjio the Tengu Air Elementalist began the quest for
                  | the Orb.
     0 | D:1      | Reached XP level 1. HP: 10/10 MP: 4/4
    70 | D:1      | Reached XP level 2. HP: 3/16 MP: 0/6
   128 | D:1      | Reached skill level 1 in Unarmed Combat
   271 | D:1      | Reached skill level 1 in Fighting
   271 | D:1      | Reached XP level 3. HP: 8/20 MP: 3/7
   392 | D:1      | Reached skill level 2 in Unarmed Combat
   443 | D:2      | HP: 1/20 [hobgoblin/club (3)]
   794 | D:2      | Reached XP level 4. HP: 18/25 MP: 6/8
   830 | D:2      | Noticed Terence
   903 | D:3      | Learned a level 4 spell: Airstrike
   940 | D:3      | Found a glowing drain.
   971 | Sewer    | Entered a sewer
   977 | Sewer    | Noticed a crocodile
   990 | Sewer    | Killed a crocodile
   990 | Sewer    | Reached skill level 3 in Unarmed Combat
   990 | Sewer    | Reached skill level 5 in Air Magic
   990 | Sewer    | Gained mutation: You can fly. [Tengu growth]
   990 | Sewer    | Reached XP level 5. HP: 10/30 MP: 3/9
  1527 | D:4      | Reached skill level 4 in Unarmed Combat
  1536 | D:4      | Reached XP level 6. HP: 8/36 MP: 0/10
  1917 | D:4      | Noticed Natasha
  1924 | D:4      | Killed Natasha
  1924 | D:4      | Reached skill level 5 in Unarmed Combat
  1966 | D:4      | Reached XP level 7. HP: 25/41 MP: 6/11
  2107 | D:5      | Entered Level 5 of the Dungeon
  2251 | D:5      | Reached skill level 6 in Unarmed Combat
  2447 | D:5      | Reached XP level 8. HP: 15/48 MP: 12/12
  2704 | D:6      | Reached skill level 7 in Unarmed Combat
  2732 | D:6      | Learned a level 1 spell: Animate Skeleton
  2734 | D:6      | Learned a level 1 spell: Confusing Touch
  2821 | D:5      | Found a bloodstained altar of Trog.
  2910 | D:6      | Found a staircase to the Ecumenical Temple.
  2915 | D:6      | Reached skill level 1 in Necromancy
  2921 | Temple   | Entered the Ecumenical Temple
  2980 | Temple   | Became a worshipper of Cheibriados the Contemplative
  3313 | D:7      | Reached skill level 5 in Fighting
  3324 | D:7      | Noticed Dowan
  3340 | D:7      | Reached skill level 8 in Unarmed Combat
  3358 | D:7      | Noticed Harold
  3543 | D:7      | Noticed Menkaure
  3550 | D:7      | Killed Menkaure
  3550 | D:7      | Reached XP level 9. HP: 24/54 MP: 14/14
  3610 | D:8      | Noticed a hornet
  3615 | D:8      | Found a staircase to the Lair.
  3622 | D:8      | Reached * piety under Cheibriados
  3641 | D:8      | Quit the game

Vault maps used:
D:1:      dpeg_arrival_yet_another_circle, due_unseen_surprise
D:2:      uniq_robin, uniq_terence
D:3:      cheibrodos_sewer_entry_drain, first_ration, uniq_jessica
D:4:      kennysheep_generic_room_3, uniq_natasha
D:5:      trog_hazing_becter
D:6:      kennysheep_slugbush, minmay_temple_entry_glassed_door
D:7:      uniq_duvessa, uniq_menkaure, uniq_harold
D:8:      lemuel_ice_spiral_2, nemelex_altar_shiori, lair_entry_dummy
Temple:   nicolae_temple_the_god_donut
Sewer:    sewer_the_crocodile

Skill      XL: |  1  2  3  4  5  6  7  8 |
---------------+-------------------------+-----
Unarmed Combat | 1 2 3 4 5 6 8 |  8.8
Conjurations   | 2 |  2.0
Fighting       | 1 2 3 4 5 |  5.5
Air Magic      | 5 6 7 |  7.1
Necromancy     | 1 |  1.0
Spellcasting   | 3 |  3.3
Dodging        | |  2.1
Stealth        | |  2.0

Action                   |  1- 3 |  4- 6 |  7- 9 || total
-------------------------+-------+-------+-------++-------
Melee: Unarmed           |    27 |   102 |   199 ||   328
       Kick              |     4 |    16 |    54 ||    74
       Peck              |     3 |    12 |    30 ||    45
       Punch             |       |     3 |     5 ||     8
Throw: Throwing net      |       |       |     1 ||     1
 Cast: Shock             |    52 |    88 |    53 ||   193
       Airstrike         |       |       |     9 ||     9
       Confusing Touch   |       |       |     2 ||     2
 Abil: Fly               |       |       |     2 ||     2
Evoke: Wand              |       |       |     2 ||     2
  Use: Scroll            |     1 |     6 |     8 ||    15
       Potion            |       |     2 |     4 ||     6
 Stab: Sleeping          |       |     2 |     4 ||     6
  Eat: Chunk             |     1 |     5 |     9 ||    15
Armor: Robe              |    11 |       |       ||    11
       Skin              |       |     8 |       ||     8
       Leather armour    |       |    16 |    67 ||    83
Dodge: Dodged            |    34 |    76 |   110 ||   220

Table legend:
 A = Non-vault XP
 B = Vault XP
 C = Vault XP percentage of total XP
 D = Non-vault monster count
 E = Vault monster count
 F = Vault count percentage of total count
                 A         B        C        D         E       F
            +---------+---------+-------+---------+---------+-------
      Total |    2247 |     361 |  13.8 |     126 |      26 |  17.1
            +---------+---------+-------+---------+---------+-------
        D:1 |      54 |       0 |   0.0 |      23 |       0 |   0.0
        D:2 |      58 |       0 |   0.0 |      14 |       0 |   0.0
        D:3 |      33 |       4 |  10.8 |      19 |       3 |  13.6
        D:4 |     520 |      35 |   6.3 |      23 |       1 |   4.2
        D:5 |     387 |       7 |   1.8 |      13 |       5 |  27.8
        D:6 |     560 |      40 |   6.7 |      15 |      10 |  40.0
        D:7 |     475 |     157 |  24.8 |      17 |       1 |   5.6
        D:8 |     160 |       0 |   0.0 |       2 |       0 |   0.0
      Sewer |       0 |     118 | 100.0 |       0 |       6 | 100.0
            +---------+---------+-------+---------+---------+-------
